Map: Pillars of Gold LE

Players

Khaosgrenade - Winner!

  • Race: Zerg Zerg
  • League: Diamond
  • Spawn Location: 7:00

Soap

  • Race: Terran Terran
  • League: Diamond
  • Spawn Location: 1:00

VOD

Have the link to the VOD?

Description

Time

  • Played on: June 23, 2020, 7:13 p.m.
  • Length: 22:56
Show
View Real Time Build Order
Export as new Build Order

Khaosgrenade Zerg - Winner!

Build Orders: Hatch First, Brood Lord Corruptor 

Get SALT Encoding   

  12  0:00  Drone  
  13  0:12  Overlord  
  13  0:18  Drone  
  14  0:31  Drone x2  
  14  0:34  Drone  
  17  0:55  Hatchery  
  16  0:58  Drone  
  16  1:01  Drone  
  18  1:15  Extractor  
  18  1:17  Spawning Pool  
  16  1:19  Drone  
  16  1:23  Drone  
  18  1:28  Drone  
  19  1:40  Overlord  
  19  2:04  Zergling x2  
  19  2:05  Queen, Zergling x2  
  19  2:07  Queen, Zergling x2  
  26  2:11  Drone  
  27  2:19  Drone  
  27  2:22  Drone  
  29  2:30  Drone  
  30  2:47  Hatchery  
  30  2:49  Overlord, Drone x2  
  30  2:54  Drone  
  30  2:57  Drone  
  32  3:04  Drone x2  
  34  3:11  Pneumatized Carapace  
  34  3:15  Queen  
  34  3:17  Drone  
  34  3:19  Drone  
  38  3:21  Drone  
  38  3:25  Drone  
  40  3:28  Drone x2  
  40  3:30  Drone  
  43  3:34  Overlord  
  43  3:43  Overlord  
  43  3:52  Queen  
  45  3:55  Lair  
  46  4:02  Drone  
  46  4:03  Drone x5  
  51  4:11  Spore Crawler  
  51  4:13  Drone  
  51  4:14  Drone x4  
  55  4:18  Spore Crawler  
  55  4:19  Drone  
  55  4:20  Drone  
  55  4:23  Zergling x6  
  59  4:26  Zergling x2  
  60  4:32  Queen  
  60  4:34  Queen  
  64  4:48  Zergling x2  
  64  4:51  Overlord x5  
  65  4:57  Overseer  
  65  5:00  Metabolic Boost  
  65  5:09  Queen x2  
  65  5:10  Queen  
  71  5:38  Evolution Chamber, Baneling Nest  
  71  5:39  Evolution Chamber  
  68  5:57  Hatchery  
  68  5:59  Drone x20  
  87  6:05  Extractor  
  87  6:06  Extractor  
  87  6:08  Extractor x2  
  87  6:09  Extractor  
  82  6:13  Zergling x6  
  85  6:22  Zerg Ground Armor Level 1, Zerg Melee Weapons Level 1  
  81  6:37  Zergling x6  
  81  6:38  Zergling x18  
  93  6:49  Drone x3  
  93  6:53  Centrifical Hooks  
  96  6:55  Zergling x2  
  96  6:56  Zergling x2  
  98  7:23  Zergling x12  
  98  7:28  Overlord x4  
  98  7:29  Overlord x6  
  104  7:46  Queen  
  104  7:50  Drone  
  104  7:51  Drone x2  
  109  7:53  Drone x16  
  109  7:56  Baneling x8  
  109  7:57  Baneling x7  
  123  8:07  Zergling x14  
  127  8:21  Zergling x26  
  140  8:31  Baneling x9  
  125  9:05  Zergling x16  
  125  9:06  Zergling x32  
  125  9:09  Spire  
  147  9:10  Infestation Pit  
  146  9:20  Zerg Melee Weapons Level 2, Zerg Ground Armor Level 2  
  142  9:38  Extractor  
  142  9:39  Spore Crawler  
  142  9:42  Baneling x12  
  142  9:43  Extractor  
  139  9:48  Hive  
  139  10:00  Hatchery  
  138  10:19  Hatchery  
  138  10:20  Hatchery  
  136  10:28  Zergling x58  
  158  10:33  Baneling x12  
  158  10:34  Baneling x41  
  158  10:48  Overlord, Corruptor x2  
  158  10:49  Corruptor x5  
  172  11:03  Extractor  
  171  11:06  Extractor  
  149  11:22  Zergling x38  
  149  11:23  Zergling x8  
  166  11:28  Greater Spire  
  166  11:30  Spire  
  161  11:50  Adrenal Glands  
  161  11:53  Zerg Melee Weapons Level 3, Zerg Ground Armor Level 3  
  154  12:17  Spore Crawler  
  154  12:19  Spine Crawler x2  
  149  12:28  Drone x9  
  149  12:29  Drone x4  
  159  12:34  Zergling x30  
  165  12:52  Brood Lord x7  
  179  13:01  Extractor  
  179  13:02  Extractor  
  135  13:20  Zergling x16  
  135  13:22  Zerg Flyer Weapons Level 1, Zerg Flyer Armor Level 1  
  137  13:35  Overlord x11  
  137  13:36  Overlord, Corruptor x6  
  141  13:53  Corruptor x3  
  144  14:02  Zergling x34  
  146  14:48  Corruptor x10  
  166  14:53  Queen x6  
  166  14:54  Queen  
  180  15:17  Baneling Nest  
  175  15:44  Zergling x24  
  175  15:45  Zergling x6  
  175  15:46  Brood Lord  
  175  15:47  Brood Lord x5  
  182  16:19  Zergling x16  
  182  16:20  Zergling x20  
  200  16:28  Hatchery  
  197  16:40  Zerg Flyer Armor Level 2  
  197  16:41  Zerg Flyer Weapons Level 2  
  190  17:15  Baneling x10  
  183  17:22  Overseer x4  
  183  17:34  Hatchery  
  182  18:04  Hatchery  
  174  18:46  Zergling x26  
  174  18:47  Zergling x26  
  177  19:08  Extractor  
  170  19:14  Baneling x11  
  170  19:15  Baneling x8  
  150  19:41  Zergling x18  
  150  19:44  Overlord x10  
  151  19:55  Overlord x3  
  151  19:56  Overseer x4  
  149  20:06  Zergling x28  
  162  20:14  Zergling x22  
  170  20:41  Hatchery  
  159  20:42  Hatchery  
  159  20:44  Baneling x9  
  151  21:06  Extractor  
  150  21:11  Extractor  
  150  21:13  Baneling x16  
  139  21:37  Zergling x52  
  139  21:38  Zergling x4  
  142  22:17  Baneling x4  
  142  22:18  Baneling x37  
  142  22:19  Baneling  
  137  22:23  Hatchery  
  136  22:31  Hatchery  
Show
View Real Time Build Order
Export as new Build Order

Soap Terran 

Build Orders: Reaper Expand, Hellion Banshee 

Get SALT Encoding   

  12  0:00  SCV  
  13  0:13  SCV  
  14  0:19  Supply Depot  
  14  0:25  SCV  
  15  0:40  SCV  
  15  0:41  Barracks  
  16  0:46  Refinery  
  16  0:53  SCV  
  17  1:05  SCV  
  18  1:17  SCV  
  19  1:29  Orbital Command  
  19  1:30  Reaper  
  20  1:47  Command Center  
  20  1:57  SCV  
  21  2:02  Supply Depot  
  21  2:03  Marine  
  22  2:14  Factory  
  22  2:16  SCV  
  23  2:28  Barracks Reactor, SCV  
  24  2:30  Refinery  
  24  2:41  SCV  
  25  2:53  SCV  
  26  3:01  Starport  
  26  3:05  SCV  
  27  3:09  Orbital Command  
  31  3:13  Hellion x2  
  31  3:15  Barracks Tech Lab  
  31  3:17  SCV  
  32  3:22  Bunker  
  32  3:29  SCV  
  33  3:37  SCV  
  34  3:41  SCV  
  34  3:45  Barracks Tech Lab  
  35  3:49  SCV  
  35  3:50  Cloaking Field  
  35  3:51  Banshee  
  35  3:55  SCV  
  40  3:59  Hellion x2  
  44  4:04  Supply Depot  
  44  4:05  SCV  
  44  4:07  Stimpack  
  45  4:10  SCV  
  46  4:25  Supply Depot, SCV x2  
  46  4:27  Marine  
  46  4:29  Hellion x2  
  53  4:37  SCV  
  54  4:46  SCV, Medivac  
  54  4:48  Command Center  
  54  4:49  Supply Depot, SCV  
  58  4:55  Supply Depot  
  58  5:04  Marine, SCV x2  
  61  5:11  Supply Depot  
  65  5:16  SCV  
  62  5:31  SCV x2  
  64  5:36  Barracks x2  
  64  5:43  SCV x2  
  66  5:51  Siege Tank  
  66  5:55  SCV x2  
  66  5:56  Combat Shield  
  71  5:57  Medivac  
  71  6:02  Supply Depot  
  73  6:04  Supply Depot, Engineering Bay  
  73  6:05  Engineering Bay  
  73  6:07  Supply Depot, SCV x2  
  73  6:08  Refinery  
  73  6:09  Marine  
  76  6:19  SCV x2  
  76  6:23  Siege Tank  
  76  6:25  Refinery  
  81  6:27  Marauder  
  81  6:31  SCV x2  
  85  6:33  Barracks Reactor x2  
  85  6:41  Terran Infantry Weapons Level 1  
  85  6:43  SCV x2  
  85  6:45  Terran Infantry Armor Level 1  
  87  6:48  Marine  
  87  6:49  Supply Depot  
  88  6:55  Supply Depot, SCV  
  88  6:56  SCV  
  88  6:57  Supply Depot  
  90  7:06  Marine  
  90  7:08  SCV x2  
  93  7:10  Marine x3  
  93  7:11  Marine  
  93  7:15  Concussive Shells  
  97  7:20  SCV x2  
  99  7:24  Marauder  
  99  7:28  Marine x4  
  105  7:32  Orbital Command, Supply Depot, SCV x2  
  105  7:33  Supply Depot  
  107  7:37  Supply Depot  
  107  7:38  Supply Depot  
  108  7:44  SCV x2  
  108  7:45  Marine  
  108  7:46  Marine  
  108  7:49  Armory  
  111  7:56  SCV x2  
  113  8:12  Marine x2  
  115  8:13  Marine, Marauder  
  115  8:14  Siege Tank  
  115  8:15  Marine  
  122  8:27  SCV  
  122  8:30  Marine  
  122  8:31  Barracks  
  122  8:32  Barracks  
  124  8:35  Barracks, Marauder  
  124  8:40  Marine  
  124  8:41  Marine x2  
  129  8:46  Siege Tank  
  129  8:48  Marine  
  133  8:50  Supply Depot  
  133  8:52  Orbital Command, Supply Depot  
  133  8:54  Supply Depot  
  125  8:56  Marauder  
  125  8:58  Marine  
  125  9:01  Marine, SCV x2  
  128  9:05  Medivac x2  
  122  9:13  Marine x2  
  122  9:16  Marine  
  125  9:18  Marauder, Siege Tank  
  125  9:19  Barracks Tech Lab, Marine  
  125  9:20  Barracks Tech Lab  
  131  9:24  SCV x3  
  131  9:31  Marine  
  131  9:36  SCV  
  131  9:37  SCV x2  
  133  9:38  Marine x2  
  133  9:39  Marine x2, Marauder x2  
  133  9:41  Barracks Reactor  
  133  9:42  Terran Infantry Weapons Level 2  
  133  9:45  Terran Infantry Armor Level 2  
  141  9:48  SCV  
  141  9:49  Marine, SCV  
  141  9:52  SCV  
  145  9:56  Marine x3  
  145  9:57  Marauder  
  153  10:00  Marine, Marauder, Medivac, Siege Tank  
  153  10:01  SCV  
  153  10:02  SCV  
  153  10:04  Terran Vehicle Weapons Level 1, SCV  
  153  10:05  Factory  
  153  10:06  Marine  
  162  10:13  SCV  
  163  10:14  Marine, SCV  
  163  10:18  SCV  
  166  10:27  Command Center  
  166  10:29  Marine  
  166  10:30  Marine x5  
  166  10:31  Marauder x2  
  176  10:45  Marine  
  176  10:46  Siege Tank  
  176  10:47  Marine, Medivac  
  176  10:48  Factory Tech Lab, Marauder  
  185  10:50  Marine  
  185  10:52  Marauder x2  
  190  11:06  Marine x3  
  190  11:10  Marauder  
  195  11:14  Marauder  
  195  11:18  Siege Tank  
  181  11:19  Marine x4  
  181  11:24  Marine x3  
  181  11:25  Medivac  
  181  11:31  Marauder  
  185  11:35  Marauder  
  185  11:37  Marine x3  
  185  11:38  Medivac, Marauder, Siege Tank  
  197  11:42  Marine  
  189  11:49  Planetary Fortress  
  189  11:50  Siege Tank  
  189  11:53  Marauder  
  194  11:56  Marauder  
  194  11:59  Marine x3, Marauder  
  194  12:00  Marine x3  
  189  12:14  Marauder  
  185  12:16  SCV  
  185  12:17  Marine x3, SCV  
  185  12:18  Marauder  
  185  12:21  Marauder  
  188  12:25  Terran Infantry Weapons Level 3, SCV  
  183  12:35  Marauder  
  185  12:40  Supply Depot  
  185  12:42  Supply Depot  
  185  12:43  Supply Depot  
  178  12:45  Supply Depot  
  175  12:53  Marine x2  
  175  12:54  Marine, Marauder  
  175  12:56  Marine x3, Marauder  
  175  12:57  Marauder, Siege Tank  
  175  12:58  Medivac, Siege Tank  
  195  13:11  Marine x3  
  163  13:14  Marine x3  
  163  13:16  Marauder  
  163  13:17  Marine  
  163  13:18  Marine  
  163  13:19  SCV  
  162  13:26  SCV x2, Refinery  
  163  13:27  Refinery  
  163  13:29  Marine x3  
  163  13:32  Marine x3  
  166  13:36  Marine, Marauder x2, Siege Tank x2  
  177  13:42  Starport  
  177  13:47  Marine x3  
  170  13:49  Marine  
  170  13:51  Marine x2  
  170  13:55  Marauder  
  167  13:56  Marine  
  167  13:57  Marine  
  169  14:03  Medivac  
  169  14:04  Marine  
  169  14:05  Marine x2  
  169  14:07  Marine  
  169  14:09  Marine x2  
  177  14:15  Marauder x2  
  177  14:16  Marauder  
  183  14:22  Marine  
  184  14:25  Marine x3  
  184  14:26  Siege Tank  
  184  14:27  Siege Tank  
  178  14:33  Marine x2  
  178  14:36  Marauder  
  178  14:37  Marauder  
  178  14:38  Medivac x2, Marauder  
  190  14:40  Marine, Starport Reactor  
  165  14:57  Marauder  
  167  15:00  SCV x2  
  167  15:03  SCV  
  167  15:04  Marine, Marauder  
  173  15:08  Refinery  
  173  15:10  Refinery  
  173  15:17  Marine x3  
  176  15:24  Medivac  
  176  15:25  Medivac x3  
  176  15:26  Marine x6  
  190  15:30  SCV  
  190  15:35  Marine x3  
  194  15:44  Marine x4, Marauder  
  200  15:53  Marine  
  198  16:10  Widow Mine  
  198  16:11  Marine x2, Widow Mine  
  173  16:12  Marine x4  
  168  16:18  Marine x2  
  164  16:26  SCV  
  164  16:27  Medivac x2, Marauder  
  164  16:29  Terran Infantry Armor Level 3, Marine  
  164  16:32  Widow Mine x2  
  176  16:35  Marine x5  
  176  16:36  Marine x2  
  173  16:47  Marine, Medivac  
  173  16:48  Marine, Medivac  
  173  16:53  Marine x5, Siege Tank x2  
  189  16:55  Marauder x2  
  189  16:59  Command Center  
  187  17:03  Viking x2  
  187  17:05  Marine  
  187  17:06  Marauder  
  185  17:11  Marine x5  
  178  17:15  Marine  
  178  17:16  Marauder  
  178  17:20  Medivac x2  
  183  17:23  Marine  
  183  17:25  Siege Tank x2  
  183  17:27  Marine  
  183  17:28  Marine  
  183  17:29  Marine x4  
  196  17:34  Marauder  
  198  17:37  Marine  
  198  17:40  Marine  
  197  17:44  SCV  
  197  17:45  Marine  
  197  17:46  Marine  
  200  18:03  Marauder  
  173  18:36  Marine x3  
  173  18:37  Marine x4  
  173  18:38  Marauder x2  
  176  18:54  Marine x2  
  162  18:56  Marauder  
  162  18:57  Marine x2  
  162  18:58  Marine x2  
  162  18:59  Marauder x2, Siege Tank  
  174  19:08  Medivac x4  
  180  19:12  Marine x2  
  180  19:15  Marine x4  
  188  19:17  Marauder  
  188  19:20  Marine, Marauder  
  183  19:30  Marine x2  
  156  19:33  Marine x4  
  156  19:38  Marine, Marauder  
  139  19:41  Marine  
  137  19:47  Marine  
  137  19:48  Marine  
  137  19:51  Marine  
  140  20:01  Marine x3  
  140  20:02  Marauder  
  139  20:14  Orbital Command  
  139  20:16  Orbital Command  
  139  20:24  Marine x5  
  112  20:38  Marine, SCV  
  114  20:43  SCV  
  111  21:00  Medivac x2  
  111  21:01  Marine  
  96  21:18  Marine x3  
  96  21:19  Marine x3  
  96  21:20  Marauder x2, Siege Tank x2  
  87  21:33  SCV  
  87  21:34  Marauder, SCV  
  87  21:36  Marine x4  
  87  21:39  Marine  
  91  21:40  Marine  
  91  21:41  Marauder x2  
  91  21:45  SCV  
  91  21:46  SCV  
  92  21:54  Marine x2  
  57  22:19  Marine x4  
  57  22:20  Marauder  
  58  22:32  Marine  
Tags
 
Add a new tag
Caveats
  • Supply blocks, unpowered buildings, or Contaminate may cause inaccurate times.
  • Supply counts are checked every 10 seconds.